 Dungeon Crawl Stone Soup version 0.28.0-43-g3370ac3207 (webtiles) character file.

Game seed: 15720691456170407990

91 experimilk the Cudgeller (level 4, -2/37 HPs)
             Began as a Palentonga Abyssal Knight on Mar 18, 2022.
             Was a Follower of Lugonu.
             Slain by a hound (4 damage)
             ... on level 4 of the Dungeon.
             The game lasted 00:05:46 (3321 turns).

experimilk the Cudgeller (PaAK)                     Turns: 3321, Time: 00:05:47

Health: -2/37      AC:  6    Str: 19    XL:     4   Next: 34%
Magic:  5/5        EV:  8    Int: 10    God:    Lugonu [*.....]
Gold:   69         SH:  0    Dex: 10    Spells: 3/3 levels left

rFire   . . .      SeeInvis +   a - +1 mace
rCold   . . .      Faith    .   (no shield)
rNeg    . . .      Spirit   .   l - +0 ring mail
rPois   .          Reflect  .   g - +0 helmet
rElec   .          Harm     .   (no cloak)
rCorr   .          Rampage  .   (no gloves)
Will    .....                   (no barding)
Stlth   ..........              (no amulet)
HPRegen 0.12/turn               (no ring)
MPRegen 0.09/turn               (no ring)

@: weak-willed
A: large, rugged brown scales 3, see invisible, deformed body, roll 1, armoured
tail
a: Rolling Charge, Renounce Religion, Depart the Abyss


You were on level 4 of the Dungeon.
You worshipped Lugonu.
Lugonu was aware of your devotion.
You visited 1 branch of the dungeon, and saw 3 of its levels.
You visited the Abyss 1 time.

You collected 69 gold pieces.

Inventory:

Hand Weapons
 a - a +1 mace (weapon)
 k - a +2 mace of holy wrath
 o - a +2 war axe of electrocution
Armour
 b - a +0 leather armour
 g - a +0 helmet (worn)
 l - a +0 ring mail (worn)
Jewellery
 f - a ring of flight
Scrolls
 i - a scroll of vulnerability
Potions
 c - a potion of magic
 e - a potion of haste {unknown}
 h - a potion of flight {unknown}
 m - a potion of brilliance {unknown}
 n - a potion of might {unknown}


   Skills:
 - Level 3.0 Fighting
 * Level 4.6 Maces & Flails
 - Level 1.5 Armour
 - Level 0.7 Dodging
 - Level 2.0 Invocations


You had 3 spell levels left.
You didn't know any spells.
Your spell library was empty.

Dungeon Overview and Level Annotations

Branches:
Dungeon (2/15)

Altars:


Innate Abilities, Weirdness & Mutations

You are completely covered in rugged brown scales. (AC +3, +7% HP)
You have supernaturally acute eyesight. (SInv)
Armour fits poorly on your strangely shaped body.
You can roll at nearby foes to attack.
You have a long armoured tail.


Message History

Found a red potion.
The jackal skeleton bites you.
An endoplasm comes into view.
Found 18 gold pieces.
The endoplasm quivers.
The hound bites you.
As you read the scroll labelled FUHEDI YPNUSH, it crumbles to dust.
Magic quickly surges around you.
It was a scroll of vulnerability.
The hound bites you but does no damage.
The jackal skeleton bites you but does no damage.
As you read the scroll labelled LUISKU LYGAIJAKAL, it crumbles to dust.
It is a scroll of enchant weapon.
Your +1 mace of holy wrath glows red for a moment.
The hound bites you.
The ball python bites you but does no damage.
The jackal skeleton barely misses you. The hound bites you.
As you read the scroll labelled HUIPOX OD QEOHICE, it crumbles to dust.
It is a scroll of identify.
c - a potion of magic The ball python bites you but does no damage.
The jackal skeleton bites you but does no damage.
The hound bites you. The hound bites you. The ball python closely misses you.
The jackal skeleton bites you but does no damage.
The hound bites you.
* * * LOW HITPOINT WARNING * * *
The hound closely misses you. The hound completely misses you.
The hound barely misses you. The ball python bites you.
* * * LOW HITPOINT WARNING * * *
The phantom hits you.
* * * LOW HITPOINT WARNING * * *
The hound bites you.
* * * LOW HITPOINT WARNING * * *
The hound bites you.
* * * LOW HITPOINT WARNING * * *
The hound barely misses you.
Found 4 gold pieces.
The hound bites you.
* * * LOW HITPOINT WARNING * * *
The hound bites you.
You die...

#............###
#.W............#
#....#######...#
#.... #..J#
#.... #..W#
#.... #..S#
#...# #.Zh#
#..@# #...#
.......
..........
...........
.........$..
...##.....###
... #.....#


You could see a phantom, a hound (weak-willed), an endoplasm (weak-willed), a
ball python (weak-willed) and a jackal skeleton (weak-willed).

Vanquished Creatures
  Terence (D:2)
  Robin (D:2)
  A worm (D:2)
  2 endoplasms (D:1)
  2 giant cockroaches (D:1)
  8 goblins
  9 hobgoblins
  2 jackals (D:2)
  2 quokkas (D:2)
  5 ball pythons
  5 bats
  4 kobolds
  4 rats
46 creatures vanquished.

Vanquished Creatures (others)
  21 plants (D:2)
21 creatures vanquished.

Grand Total: 67 creatures vanquished

Notes
Turn   | Place    | Note
-------+----------+-------------------------------------------
     0 | Abyss:1  | experimilk the Palentonga Abyssal Knight began the quest
                  | for the Orb.
     0 | Abyss:1  | Reached XP level 1. HP: 19/19 MP: 2/2
    92 | Abyss:2  | Noticed a balrug
    94 | D:1      | Escaped the Abyss
   175 | D:1      | Reached * piety under Lugonu
   306 | D:1      | Reached XP level 2. HP: 24/25 MP: 3/3
   331 | D:1      | Reached skill level 3 in Maces & Flails
  1475 | D:2      | Reached XP level 3. HP: 19/31 MP: 4/4
  2212 | D:2      | Found a faded altar of an unknown god.
  2219 | D:2      | Noticed Terence
  2237 | D:2      | Killed Terence
  2238 | D:2      | Reached skill level 4 in Maces & Flails
  2592 | D:2      | Reached XP level 4. HP: 25/37 MP: 5/5
  2733 | D:2      | Noticed Robin
  3076 | D:2      | Killed Robin
  3293 | D:2      | You fall into a shaft and drop 2 floors!
  3296 | D:4      | Noticed a phantom
  3321 | D:4      | Slain by a hound

Illustrated notes

Levels and vault maps discovered:
D:1:      amcnicky_arrival_choice, layout_basic, chequers_garden,
          minmay_pentomino_o2
D:2:      layout_rooms, basic_ecumenical_altar, serial_bayou,
          serial_bayou_crossing, serial_bayou_ford_a, serial_bayou_lake_a,
          serial_bayou_pond_e, uniq_robin, uniq_terence
D:4:      kennysheep_six_static_rooms, layout_basic, lemuel_round_altar,
          nrook_loot_triangle, uniq_crazy_yiuf_cottage

Skill      XL: |  1  2  3 |
---------------+----------+-----
Maces & Flails | 3 4 |  4.6
Fighting       | |  3.0
Armour         | |  1.5
Dodging        | |  0.7
Invocations    | |  2.0

Action                   |  1- 3 |  4- 6 || total
-------------------------+-------+-------++-------
Melee: Mace              |   117 |    22 ||   139
       Tailslap          |     8 |     2 ||    10
       Punch             |       |     1 ||     1
Invok: Depart the Abyss  |     1 |       ||     1
 Abil: Rolling Charge    |    24 |     5 ||    29
  Use: Scroll            |     1 |     3 ||     4
Armor: Leather armour    |    50 |       ||    50
       Ring mail         |     9 |    17 ||    26
Dodge: Dodged            |    52 |    20 ||    72
